 Dungeon Crawl Stone Soup version 0.20.0-15-g7f486f2 (webtiles) character file.

610 Naow the Cudgeler (level 7, 0/61 HPs)
             Began as a Deep Dwarf Monk on June 10, 2017.
             Slain by an ice beast (12 damage)
             ... on level 5 of the Dungeon.
             The game lasted 00:06:21 (2676 turns).

Naow the Cudgeler (Deep Dwarf Monk)                 Turns: 2676, Time: 00:06:22

Health: 0/61       AC: 11    Str: 16    XL:     7   Next: 20%
Magic:  6/6        EV:  9    Int: 11    God:
Gold:   160        SH:  0    Dex: 15    Spells: 6/6 levels left

rFire    . . .     SeeInvis .   a - +0 mace
rCold    . . .     Gourm    .   (no shield)
rNeg     . . .     Faith    .   k - +0 chain mail
rPois    .         Spirit   .   (no helmet)
rElec    .         Reflect  .   (no cloak)
rCorr    .         Harm     .   j - +0 pair of gloves
MR       +....                  d - +0 pair of boots
Stlth    ..........             (no amulet)
Regen    0.0/turn               (no ring)
MPRegen  0.1/turn               (no ring)

@: non-regenerating
A: damage resistance, heal wounds, sense surroundings 1, no regeneration
a: Heal Wounds


You were on level 5 of the Dungeon.
You were not hungry.

You visited 1 branch of the dungeon, and saw 5 of its levels.

You collected 160 gold pieces.

Inventory:

Hand Weapons
 a - a +0 mace (weapon)
Armour
 b - a +0 robe
 d - a +0 pair of boots (worn)
 j - a +0 pair of gloves (worn)
 k - a +0 chain mail (worn)
Jewellery
 p - a cursed ring of loudness {unknown}
Scrolls
 f - a scroll of remove curse {unknown}
 h - a scroll of enchant armour {unknown}
 i - a scroll of magic mapping {unknown}
 l - a scroll of blinking {unknown}
 n - a scroll of identify {unknown}
 s - a scroll of recharging {unknown}
Potions
 e - 3 potions of ambrosia {unknown}
 g - 4 potions of flight {unknown}
 o - a potion of degeneration {unknown}
 q - a potion of brilliance {unknown}
Comestibles
 c - 5 bread rations
 m - 3 meat rations
 r - 4 chunks of flesh


   Skills:
 - Level 2.9 Fighting
 * Level 6.2 Maces & Flails
 + Level 3.5 Armour
 + Level 5.4 Dodging
 - Level 2.5 Stealth


You had 6 spell levels left.
You didn't know any spells.

Dungeon Overview and Level Annotations

Branches:
Dungeon (5/15)
 Temple: D:4-7

Altars:

Annotations:
D:5 1 runed door


Innate Abilities, Weirdness & Mutations

You are resistant to damage.
You can heal yourself by infusing magical energy.
You passively map a small area around you.
You do not regenerate.


Message History

The ice beast is heavily wounded.
The ice beast hits you but does no damage.
You hit the ice beast.
The ice beast is severely wounded.
The ice beast hits you but does no damage.
You hit the ice beast.
The ice beast is severely wounded.
The ice beast hits you but does no damage.
You hit the ice beast but do no damage.
The ice beast is severely wounded.
The ice beast closely misses you. The ice beast barely misses you.
Your chain mail prevents you from hitting the ice beast.
The ice beast is severely wounded.
The ice beast closely misses you.
You closely miss the ice beast.
The ice beast is severely wounded.
The ice beast hits you.
* * * LOW HITPOINT WARNING * * *
The ice beast freezes you!
You die...

#...#.......#
#...#.###...# ,
#.....###...#####**
.................. , >
#...#.###.#.######
#...#####.#..# *
#............#
###...###.##.#######.#
..'.............@Y...#
.##...###)##..######.#
.##...# #.###.# *
.###### #.# #.. ...#
*#.# ##.. ,* ...# * ..
.. ...# , ... , ...#
... , ...# * , *


You could see an ice beast.

Vanquished Creatures
  2 phantoms
  A centaur (D:5)
  A scorpion (D:4)
  3 crimson imps (D:5)
  A bullfrog zombie (D:5)
  A bullfrog skeleton (D:4)
  A worker ant (D:4)
  3 gnolls
  3 adders
  An adder skeleton (D:4)
  A worm (D:2)
  3 dart slugs
  2 leopard geckos (D:5)
  3 orcs
  6 giant cockroaches
  3 goblins
  5 hobgoblins
  2 jackals (D:4)
  6 kobolds
  2 quokkas
  2 bats
  3 frilled lizards
  5 rats
60 creatures vanquished.

Notes
Turn   | Place    | Note
-------+----------+-------------------------------------------
     0 | D:1      | Naow the Deep Dwarf Monk began the quest for the Orb.
     0 | D:1      | Reached XP level 1. HP: 20/20 MP: 1/1
   245 | D:1      | Reached XP level 2. HP: 16/27 MP: 2/2
   671 | D:2      | Reached XP level 3. HP: 21/33 MP: 3/3
  1038 | D:1      | Reached skill level 4 in Maces & Flails
  1052 | D:2      | Reached XP level 4. HP: 23/40 MP: 4/4
  1306 | D:2      | Reached skill level 1 in Armour
  1494 | D:4      | Reached XP level 5. HP: 18/48 MP: 4/4
  1512 | D:4      | Noticed a phantom
  1530 | D:4      | Killed a phantom
  1530 | D:4      | Reached skill level 5 in Maces & Flails
  2112 | D:4      | Reached XP level 6. HP: 37/55 MP: 5/5
  2269 | D:5      | Entered Level 5 of the Dungeon
  2418 | D:5      | Reached skill level 5 in Dodging
  2428 | D:5      | Found a runed door.
  2499 | D:5      | Reached skill level 6 in Maces & Flails
  2499 | D:5      | Reached XP level 7. HP: 36/61 MP: 6/6
  2676 | D:5      | Slain by an ice beast

Skill      XL: |  1  2  3  4  5  6 |
---------------+-------------------+-----
Maces & Flails | 4 5 6 |  6.2
Armour         | 1 2 3 |  3.5
Dodging        | 4 5 |  5.4
Fighting       | |  2.9
Stealth        | |  2.5

Action                   |  1- 3 |  4- 6 |  7- 9 || total
-------------------------+-------+-------+-------++-------
Melee: Mace              |   144 |   180 |    49 ||   373
 Abil: Heal Wounds       |     2 |     3 |       ||     5
 Stab: Sleeping          |     2 |       |       ||     2
  Eat: Chunk             |     1 |     4 |     1 ||     6
Armor: Robe              |     3 |       |       ||     3
       Chain mail        |   111 |   103 |    30 ||   244
Dodge: Dodged            |    72 |    83 |    17 ||   172
